 Dungeon Crawl Stone Soup version 0.30-a0-137-gd8773701ce (webtiles) character file.

Game seed: 4908604586660653141

394 lunkers the Basher (level 7, -12/57 HPs)
             Began as a Meteoran Berserker on Sept 24, 2022.
             Was a Believer of Trog.
             Mangled by Prince Ribbit (16 damage)
             ... on level 8 of the Dungeon.
             The game lasted 00:04:20 (1672 turns).

lunkers the Basher (Meteoran Berserker)             Turns: 1672, Time: 00:04:20

Health: -12/57     AC:  6    Str: 22    XL:     7   Next: 30%
Magic:  8/8        EV: 11    Int:  8    God:    Trog [**....]
Gold:   152        SH:  0    Dex: 13    Spells: 6/6 levels left

rFire   . . .      SeeInvis .    a - +0 mace
rCold   + . .      Faith    .    (no shield)
rNeg    . . .      Spirit   .    s - +0 ring mail {Will+}
rPois   +          Reflect  .    (no helmet)
rElec   .          Harm     .    t - +0 cloak
rCorr   .          Rampage  .    (no gloves)
Will    +++..                    (no boots)
Stlth   +.........               (no amulet)
HPRegen 1.19/turn                c - ring of protection from cold
MPRegen 0.11/turn                v - ring of poison resistance

@: strong-willed (expiring), on berserk cooldown, regenerating (expiring),
slowed, glowing, very slow
A: sense surroundings 1, otherworldly, glowing, explore regen
a: Renounce Religion, Berserk, Trog's Hand


You were on level 8 of the Dungeon.
You worshipped Trog.
Trog was pleased with you.
You visited 1 branch of the dungeon, and saw 8 of its levels.

You collected 152 gold pieces.

Inventory:

Hand Weapons
 a - a +0 mace (weapon)
Missiles
 b - 16 boomerangs
 d - 6 javelins
 e - 6 atropa-tipped darts
 g - 37 stones
 u - 4 boomerangs of dispersal
Armour
 f - a +0 chain mail
 s - a +0 ring mail of willpower (worn)
 t - a +0 cloak (worn)
Jewellery
 c - a ring of protection from cold (left hand)
 n - a +6 ring of intelligence
 v - a ring of poison resistance (right hand)
Scrolls
 i - 2 scrolls of teleportation {unknown}
 j - a scroll of enchant weapon {unknown}
 m - a scroll of fog {unknown}
 o - 2 scrolls of immolation {unknown}
 q - a scroll of blinking {unknown}
Potions
 h - 2 potions of curing
 k - 2 potions of lignification
 l - 2 potions of flight
 p - a potion of berserk rage {unknown}
 r - a potion of ambrosia {unknown}


   Skills:
 - Level 3.2 Fighting
 * Level 9.8 Maces & Flails
 - Level 2.4 Armour
 - Level 2.4 Dodging


You had 6 spell levels left.
You didn't know any spells.
Your spell library was empty.

Dungeon Overview and Level Annotations

Branches:
Dungeon (8/15) Zot: 3057
 Temple: D:4-7         Lair: D:8-11

Altars:

Annotations:
D:8 Prince Ribbit


Innate Abilities, Weirdness & Mutations

You passively map a small area around you.
You are easily found by Zot.
You glow in the dark.
You regain HP and MP as you explore.


Message History

Your skin crawls.
You feel strong-willed. Prince Ribbit barely misses you.
Unknown command.
You closely miss Prince Ribbit. Prince Ribbit hits you!
* * * LOW HITPOINT WARNING * * *
Prince Ribbit blinks!
Prince Ribbit catches a mosquito with his tongue.
Prince Ribbit blinks!
Prince Ribbit closely misses you.
You hit Prince Ribbit.
Prince Ribbit is lightly wounded.
Prince Ribbit hits you.
* * * LOW HITPOINT WARNING * * *
Prince Ribbit hits you but does no damage.
You hit Prince Ribbit.
Prince Ribbit is lightly wounded.
Prince Ribbit hits you.
* * * LOW HITPOINT WARNING * * *
Prince Ribbit barely misses you.
You thump Prince Ribbit!
Prince Ribbit is heavily wounded.
Prince Ribbit barely misses you. x2
Unknown command.
You hit Prince Ribbit.
Prince Ribbit is heavily wounded.
You feel the effects of Trog's Hand fading.
Prince Ribbit hits you!
* * * LOW HITPOINT WARNING * * *
Prince Ribbit hits you!
* * * LOW HITPOINT WARNING * * *
You aren't carrying any items that you can evoke.
Unknown command.
Throw: 5 boomerangs (disperse)
Press: ? - help, Shift-Dir - straight line, f - Prince Ribbit
Aim: Prince Ribbit (heavily wounded, 34% to hit)
You throw a boomerang of dispersal.
The boomerang of dispersal closely misses Prince Ribbit.
Prince Ribbit hits you but does no damage.
Prince Ribbit hits you!
You die...

, ,, #....#...........
* #.###.###.#####.#
####.##### #.......#
#.......# ######### *
* #.##.##.# ,
#.##.##.# * # ,
#.##..#.# ,, ,, , #..
#.###.#.#
#...#####.F@....# , ,
, ..........###..####.
,
.....................,
..........##...###...
#...#####.##....# .
#.. #.......# , #.<,
####....# * , #......
** , #.#..###* *


You could see Prince Ribbit.

Vanquished Creatures
  A centaur (D:6)
  2 scorpions (D:7)
  3 orc wizards
  4 adders
  2 white imps
  A worm (D:2)
  A dart slug (D:2)
  12 orcs
  8 bats
  3 endoplasms
  A giant cockroach (D:4)
  9 hobgoblins
  5 quokkas
  A ball python (D:1)
  A frilled lizard (D:2)
  2 goblins
  3 kobolds
  3 rats
62 creatures vanquished.

Notes
Turn   | Place    | Note
-------+----------+-------------------------------------------
     0 | D:1      | lunkers the Meteoran Berserker began the quest for the Orb.
     0 | D:1      | Reached XP level 1. HP: 19/19 MP: 2/2
    44 | D:1      | Reached XP level 2. HP: 24/26 MP: 3/3
   161 | D:2      | Reached skill level 5 in Maces & Flails
   192 | D:2      | Reached XP level 3. HP: 30/31 MP: 4/4
   434 | D:2      | Reached skill level 6 in Maces & Flails
   434 | D:2      | Reached XP level 4. HP: 26/38 MP: 5/5
   552 | D:3      | Reached ** piety under Trog
   804 | D:4      | Reached skill level 7 in Maces & Flails
   804 | D:4      | Reached XP level 5. HP: 28/45 MP: 6/6
   968 | D:5      | Entered Level 5 of the Dungeon
  1252 | D:6      | Reached XP level 6. HP: 50/51 MP: 7/7
  1362 | D:6      | Noticed a centaur
  1375 | D:6      | Killed a centaur
  1376 | D:6      | Reached skill level 8 in Maces & Flails
  1441 | D:7      | Reached skill level 9 in Maces & Flails
  1448 | D:7      | Reached XP level 7. HP: 57/57 MP: 8/8
  1652 | D:8      | Noticed Prince Ribbit
  1671 | D:8      | HP: 2/57 [Prince Ribbit (7)]
  1672 | D:8      | Mangled by Prince Ribbit

Illustrated notes

Levels and vault maps discovered:
D:1:      psy_arrival_terrarium, layout_basic
D:2:      layout_loops_ring, shapermc_ecumenical_altar_petra, basic_altar,
          dreamdust_princess_bridge, minmay_small_reverse_x
D:3:      layout_basic, nicolae_ru_great_annihilating_truth, serial_bayou,
          serial_bayou_pond_a, serial_bayou_ford_a, serial_bayou_lagoon_a,
          serial_bayou_crossing, st_stairs_9
D:4:      minmay_inner_zag, layout_basic, mainiacjoe_overflow_catwalk,
          mainiacjoe_overflow_concentric_impassable, grunt_decor_junction,
          minmay_quantized
D:5:      layout_loops_cross, minmay_temple_entry_slanted, minivault_4
D:6:      layout_cave_pools
D:7:      minmay_flawed_box, layout_cave_pools, grunt_temple_overflow_opulence,
          tgw_trog
D:8:      layout_loops_cross, jmf_multi_god_temple, uniq_prince_ribbit1

Skill      XL: |  1  2  3  4  5  6 |
---------------+-------------------+-----
Maces & Flails | 5 6 7 9 |  9.8
Fighting       | |  3.2
Armour         | |  2.4
Dodging        | |  2.4

Action                   |  1- 3 |  4- 6 |  7- 9 || total
-------------------------+-------+-------+-------++-------
Melee: Mace              |    76 |   120 |    34 ||   230
Throw: Boomerang         |       |       |     1 ||     1
Invok: Berserk           |     3 |     2 |     1 ||     6
       Trog's Hand       |       |     1 |     1 ||     2
  Use: Scroll            |       |     3 |       ||     3
Armor: Animal skin       |    12 |       |       ||    12
       Chain mail        |    14 |    55 |       ||    69
       Ring mail         |       |    10 |    10 ||    20
Dodge: Dodged            |    59 |    37 |    13 ||   109

Table legend: (Time is in decaauts)
 A = Elapsed time spent in this place.
 B = Non-inter-level travel time spent in this place.
 C = Inter-level travel time spent in this place.
 D = Time resting spent in this place.
 E = Time spent auto-exploring this place.
 F = Levels seen in this place.
 G = Mean time per level.
                   A        B        C        D        E       F      G
               +--------+--------+--------+--------+--------+-----+--------+
         Total |   1740 |   1648 |     92 |      0 |    999 |   8 |  217.5 |
       Dungeon |   1740 |   1648 |     92 |      0 |    999 |   8 |  217.5 |
               +--------+--------+--------+--------+--------+-----+--------+

Top non-repeatable levels by time:
     D:6: 384 daAuts
     D:2: 353 daAuts
     D:3: 259 daAuts
     D:4: 253 daAuts
     D:7: 157 daAuts
     D:1: 156 daAuts
     D:5: 122 daAuts
     D:8: 53 daAuts
